Thunderbirds vs Icehogs
Created - December 5, 2023 at 19:22
Goals
|
| Thunderbirds |
1 |
1 |
1 |
3 |
| Icehogs |
2 |
1 |
2 |
5 |
|
Shots
|
| Thunderbirds |
9 |
19 |
6 |
34 |
| Icehogs |
9 |
8 |
14 |
31 |
|
1st period
1. Thunderbirds , Drake Batherson 18 (Dominik Kahun 17, Viktor Baldayev 1) at 7:59
2. Icehogs , Nick Paul 8 (J.T. Brown 17, Michael Rasmussen 4) at 13:20
3. Icehogs , J.T. Brown 5 (Nick Paul 6) at 16:02
Penalties :
No Penalty
2nd period
4. Thunderbirds , Drake Batherson 19 (Dominik Kahun 18) at 12:10 (PP)
5. Icehogs , J.T. Brown 6 (Michael Rasmussen 5) at 18:10
Penalties :
Patrick Sieloff (Roc) for Interference (Minor) at 1:48, Patrick Sieloff (Roc) for Hooking (Minor) at 12:08, Hudson Fasching (Roc) for Unsportsmanlike conduct (Minor) at 14:32, Matt Puempel (Spr) for Hooking (Minor) at 19:55
3rd period
6. Icehogs , Patrick Sieloff 2 (Hudson Fasching 8, Mikhail Grigorenko 18) at 3:54 (PP)
7. Thunderbirds , Drake Batherson 20 (Dominik Kahun 19) at 7:13
8. Icehogs , Michael Rasmussen 3 (Patrick Sieloff 9, Nick Paul 7) at 15:00
Penalties :
Tanner Laczynski (Spr) for Hooking (Minor) at 3:37
Goalie Stats
Brandon Halverson (Spr), 26 saves from 31 shots - (0.839), L, 12-4-0, 60:00 minutes
Mackenzie Blackwood (Roc), 31 saves from 34 shots - (0.912), W, 10-10-1, 60:00 minutes
Players Stats for Thunderbirds
Player Name G A P +/- PIM S H SB GA TA FO MP PP MP PK MP
------------------------------------------------------------------------------------
Andrei Svechnikov 0 0 0 0 0 2 1 0 1 0 2/3 19:59 2:04 0:00
Anthony Beauvillier 0 0 0 -1 0 0 0 1 1 0 0/0 17:45 1:50 1:17
Dominik Kahun 0 3 3 0 0 0 3 0 1 0 15/27 20:54 2:10 0:29
Drake Batherson 3 0 3 0 0 10 1 0 2 1 2/3 20:05 2:10 0:00
Dylan Gambrell 0 0 0 -1 0 0 0 0 0 0 2/4 15:56 1:50 0:00
Jacob Larsson 0 0 0 0 0 0 0 0 0 0 0/0 19:29 2:28 0:00
Jake Walman 0 0 0 -1 0 2 0 1 2 0 0/0 16:29 0:00 1:24
Jared McIsaac 0 0 0 -1 0 2 2 1 0 0 0/0 17:44 1:32 0:00
Kale Clague 0 0 0 -1 0 3 1 2 1 1 0/0 24:12 2:28 0:52
Matt Puempel 0 0 0 0 2 1 1 0 0 0 0/0 12:43 0:06 0:00
Morgan Frost 0 0 0 -1 0 2 0 0 0 0 3/5 9:17 0:00 0:16
Nicklas Jensen 0 0 0 -1 0 4 1 0 0 0 0/0 9:22 0:00 0:00
Patrick Brown 0 0 0 -1 0 1 1 0 2 0 0/0 15:56 1:50 0:00
Radim Simek 0 0 0 -1 0 0 1 3 1 1 0/0 24:09 1:32 1:24
Roberts Lipsbergs 0 0 0 -1 0 1 1 0 0 0 0/0 9:36 0:00 0:42
Tanner Laczynski 0 0 0 0 2 4 1 1 0 1 0/0 12:49 0:00 0:29
Tyson Jost 0 0 0 0 0 1 2 0 0 0 6/9 13:20 0:00 1:19
Viktor Baldayev 0 1 1 0 0 1 1 1 0 1 0/0 17:57 0:00 0:52
Players Stats for Icehogs
Player Name G A P +/- PIM S H SB GA TA FO MP PP MP PK MP
------------------------------------------------------------------------------------
Adam Boqvist 0 0 0 -1 0 0 0 0 0 0 0/0 6:01 0:00 0:26
Andrew Poturalski 0 0 0 0 0 2 0 0 0 1 8/24 18:10 1:24 0:00
Calle Andersson 0 0 0 1 0 0 2 0 0 0 0/0 10:46 0:00 0:00
Duncan Siemens 0 0 0 1 0 0 2 1 0 1 0/0 19:42 0:43 1:35
Hudson Fasching 0 1 1 0 2 1 4 1 1 0 1/3 23:03 1:24 1:04
J.T. Brown 2 1 3 2 0 7 1 0 1 0 0/1 20:13 0:52 1:56
Jeremy Davies 0 0 0 1 0 0 0 1 0 1 0/0 11:38 0:00 0:52
Julius Honka 0 0 0 1 0 2 2 1 0 1 0/0 19:42 0:43 1:35
Kurtis Gabriel 0 0 0 0 0 3 0 0 0 1 1/1 12:31 0:00 0:08
Maxim Letunov 0 0 0 0 0 0 1 0 0 0 4/5 13:40 0:00 0:21
Michael Rasmussen 1 2 3 2 0 2 1 0 0 1 3/9 19:13 0:52 1:06
Mike Reilly 0 0 0 1 0 2 1 2 2 2 0/0 23:57 1:33 2:25
Mikhail Grigorenko 0 1 1 0 0 6 2 1 1 0 2/2 20:18 1:24 1:38
Nick Paul 1 2 3 2 0 3 2 0 0 0 0/0 18:51 0:52 0:26
Nikita Scherbak 0 0 0 0 0 0 0 0 0 0 0/0 9:05 0:00 0:00
Patrick Sieloff 1 1 2 1 4 2 1 1 0 3 0/0 22:39 1:33 1:07
Ross Johnston 0 0 0 0 0 1 0 0 0 0 0/1 14:05 0:00 1:21
Thomas DiPauli 0 0 0 0 0 0 0 0 0 0 2/5 6:48 0:00 0:00
Zach Whitecloud 0 0 0 -1 0 0 0 0 0 0 0/0 5:35 0:00 0:00
3 Stars
1 - J.T. Brown (Roc)
2 - Nick Paul (Roc)
3 - Drake Batherson (Spr)
Power Play
Thunderbirds - 1 on 3 Attempt(s) - 33.33%
Icehogs - 1 on 2 Attempt(s) - 50.00%
Penalty Kill
Thunderbirds - 1 on 2 Attempt(s) - 50.00%
- Score 0 goal in Penalty Kill
Icehogs - 2 on 3 Attempt(s) - 66.67%
- Score 0 goal in Penalty Kill
Team Stat
Thunderbirds - Hits : 17 - Faceoff Wins : 30 - Blocked Shots : 10 - Penalty Minutes : 4
Icehogs - Hits : 19 - Faceoff Wins : 21 - Blocked Shots : 8 - Penalty Minutes : 6
Official
Referees : Mitch Dunning and Kendrick Nicholson
Linesman : Michel Cormier and Steve Barton
Game Notes
Drake Batherson has scored a Hat Trick!
Finance
Level 1 -- Attendance: 1926 (96.30%) -- Ticket Income $134,820
Level 2 -- Attendance: 1000 (100.00%) -- Ticket Income $40,000
Total Attendance: 2926 (97.53%)
Total Ticket Income: $174,820
Other Income: $8,741
Total Income: $183,561
Thunderbirds
5 vs 5 Forward
Center Left Wing Right Wing Time % Phy DF OF
1 Dominik Kahun Andrei Svechnikov Drake Batherson 40 0 2 3
2 Dylan Gambrell Anthony Beauvillier Patrick Brown 30 0 2 3
3 Tyson Jost Matt Puempel Tanner Laczynski 20 0 2 3
4 Morgan Frost Roberts Lipsbergs Nicklas Jensen 10 0 2 3
5 vs 5 Defense
Defense Defense Time % Phy DF OF
1 Radim Simek Kale Clague 40 0 2 3
2 Viktor Baldayev Jacob Larsson 30 0 2 3
3 Jake Walman Jared McIsaac 20 0 2 3
4 Radim Simek Kale Clague 10 0 2 3
PowerPlay Forward
Center Left Wing Right Wing Time % Phy DF OF
1 Dominik Kahun Andrei Svechnikov Drake Batherson 60 0 1 4
2 Dylan Gambrell Anthony Beauvillier Patrick Brown 40 0 1 4
PowerPlay Defense
Defense Defense Time % Phy DF OF
1 Kale Clague Jacob Larsson 60 0 2 3
2 Radim Simek Jared McIsaac 40 0 2 3
Penalty Kill 4 Players Forward
Center Wing Time % Phy DF OF
1 Tyson Jost Anthony Beauvillier 60 1 3 1
2 Dominik Kahun Tanner Laczynski 40 1 3 1
Penalty Kill 4 Players Defense
Defense Defense Time % Phy DF OF
1 Radim Simek Jake Walman 60 1 3 1
2 Viktor Baldayev Kale Clague 40 1 3 1
Penalty Kill - 3 Players Forward
Forward Time % Phy DF OF
1 Tyson Jost 60 1 3 1
2 Anthony Beauvillier 40 1 3 1
Penalty Kill - 3 Players Defense
Defense Defense Time % Phy DF OF
1 Radim Simek Jake Walman 60 1 4 0
2 Viktor Baldayev Kale Clague 40 1 4 0
4 vs 4 Forward
Center Wing Time % Phy DF OF
1 Dominik Kahun Drake Batherson 60 0 2 3
2 Dylan Gambrell Andrei Svechnikov 40 0 2 3
4 vs 4 Defense
Defense Defense Time % Phy DF OF
1 Radim Simek Kale Clague 60 0 2 3
2 Viktor Baldayev Jacob Larsson 40 0 2 3
Last Minutes Offensive
Center Left Wing Right Wing Defense Defense
Dominik Kahun Andrei Svechnikov Drake Batherson Kale Clague Jacob Larsson
Last Minutes Defensive
Center Left Wing Right Wing Defense Defense
Tyson Jost Roberts Lipsbergs Anthony Beauvillier Radim Simek Viktor Baldayev
Goaltenders
Starting : Brandon Halverson
Backup : Joseph Woll
Extra Forwards
Normal : Anthony Beauvillier, Andrei Svechnikov, Drake Batherson - PP : Anthony Beauvillier, Drake Batherson - PK : Roberts Lipsbergs
Extra Defensemen
Normal : Jacob Larsson, Kale Clague, Radim Simek - PP : Jake Walman - PK : Viktor Baldayev, Radim Simek
Penalty Shots
Andrei Svechnikov, Anthony Beauvillier, Tanner Laczynski, Viktor Baldayev, Drake Batherson
Custom OT Lines Forwards
Anthony Beauvillier, Drake Batherson, Tanner Laczynski, Andrei Svechnikov, Dominik Kahun, Dylan Gambrell, Tyson Jost, Morgan Frost, Patrick Brown, Matt Puempel
Custom OT Lines Defensemen
Radim Simek, Viktor Baldayev, Kale Clague, Jake Walman, Jacob Larsson
Scratches
Austin Poganski (Healthy), Mitchell Heard (Healthy), Artur Kayumov (Healthy), Kirill Marchenko (Healthy), Ivan Prosvetov (Healthy)
Jakub Skarek (Healthy)
Icehogs
5 vs 5 Forward
Center Left Wing Right Wing Time % Phy DF OF
1 Andrew Poturalski Mikhail Grigorenko Hudson Fasching 40 1 2 2
2 Michael Rasmussen Nick Paul J.T. Brown 30 1 2 2
3 Maxim Letunov Ross Johnston Kurtis Gabriel 20 1 2 2
4 Thomas DiPauli Hudson Fasching Nikita Scherbak 10 1 2 2
5 vs 5 Defense
Defense Defense Time % Phy DF OF
1 Mike Reilly Patrick Sieloff 40 1 2 2
2 Julius Honka Duncan Siemens 30 1 2 2
3 Calle Andersson Jeremy Davies 20 1 2 2
4 Adam Boqvist Zach Whitecloud 10 1 2 2
PowerPlay Forward
Center Left Wing Right Wing Time % Phy DF OF
1 Andrew Poturalski Mikhail Grigorenko Hudson Fasching 60 1 2 2
2 Michael Rasmussen Nick Paul J.T. Brown 40 1 2 2
PowerPlay Defense
Defense Defense Time % Phy DF OF
1 Mike Reilly Patrick Sieloff 60 1 2 2
2 Julius Honka Duncan Siemens 40 1 2 2
Penalty Kill 4 Players Forward
Center Wing Time % Phy DF OF
1 Hudson Fasching J.T. Brown 60 1 2 2
2 Mikhail Grigorenko Kurtis Gabriel 40 1 2 2
Penalty Kill 4 Players Defense
Defense Defense Time % Phy DF OF
1 Mike Reilly Patrick Sieloff 60 1 2 2
2 Julius Honka Duncan Siemens 40 1 2 2
Penalty Kill - 3 Players Forward
Forward Time % Phy DF OF
1 Hudson Fasching 60 1 2 2
2 J.T. Brown 40 1 2 2
Penalty Kill - 3 Players Defense
Defense Defense Time % Phy DF OF
1 Mike Reilly Patrick Sieloff 60 1 2 2
2 Julius Honka Duncan Siemens 40 1 2 2
4 vs 4 Forward
Center Wing Time % Phy DF OF
1 Hudson Fasching J.T. Brown 60 1 2 2
2 Mikhail Grigorenko Kurtis Gabriel 40 1 2 2
4 vs 4 Defense
Defense Defense Time % Phy DF OF
1 Mike Reilly Patrick Sieloff 60 1 2 2
2 Julius Honka Duncan Siemens 40 1 2 2
Last Minutes Offensive
Center Left Wing Right Wing Defense Defense
Andrew Poturalski Mikhail Grigorenko Hudson Fasching Mike Reilly Patrick Sieloff
Last Minutes Defensive
Center Left Wing Right Wing Defense Defense
Andrew Poturalski Mikhail Grigorenko Hudson Fasching Mike Reilly Patrick Sieloff
Goaltenders
Starting : Mackenzie Blackwood
Backup : Oscar Dansk
Extra Forwards
Normal : Nikita Scherbak, Maxim Letunov, Ross Johnston - PP : Nikita Scherbak, Maxim Letunov - PK : Ross Johnston
Extra Defensemen
Normal : Calle Andersson, Jeremy Davies, Adam Boqvist - PP : Calle Andersson - PK : Jeremy Davies, Adam Boqvist
Penalty Shots
Hudson Fasching, J.T. Brown, Mikhail Grigorenko, Kurtis Gabriel, Nick Paul
Custom OT Lines Forwards
Hudson Fasching, J.T. Brown, Mikhail Grigorenko, Kurtis Gabriel, Nick Paul, Andrew Poturalski, Nikita Scherbak, Michael Rasmussen, Maxim Letunov, Ross Johnston
Custom OT Lines Defensemen
Mike Reilly, Patrick Sieloff, Julius Honka, Duncan Siemens, Calle Andersson
Scratches
Clark Bishop (Healthy), Kristian Reichel (Healthy), JJ. Piccinich (Healthy), Myles Bell (Bruised Left Shoulder Injury), Patrick Russell (Healthy)
Declan Chisholm (Healthy), Dillon Dube (Healthy), Jackson Cates (Healthy), Mitchell Chaffee (Healthy), Gabriel Fortier (Healthy)
Petr Kvaca (Healthy)
% Time on Ice - Thunderbirds
Lines # - Real PCT - Wanted PCT - Time Play
Normal Forward
1 - 34% - 40% - 18:23
2 - 27% - 30% - 14:26
3 - 22% - 20% - 12:01
4 - 17% - 10% - 8:54
Normal Defense
1 - 36% - 40% - 19:17
2 - 35% - 30% - 18:52
3 - 25% - 20% - 13:34
4 - 4% - 10% - 2:01
PP Forward
1 - 54% - 60% - 2:10
2 - 46% - 40% - 1:50
PP Defense
1 - 62% - 60% - 2:28
2 - 38% - 40% - 1:32
PK Forward
1 - 79% - 60% - 1:47
2 - 21% - 40% - 0:29
PK Defense
1 - 62% - 60% - 1:24
2 - 38% - 40% - 0:52
PK3 Forward
1 - 0% - 60%
2 - 0% - 40%
PK3 Defense
1 - 0% - 60%
2 - 0% - 40%
44 Forward
1 - 0% - 60%
2 - 0% - 40%
44 Defense
1 - 0% - 60%
2 - 0% - 40%
Last Minute Offensive - 0:00
Last Minute Defensive - 0:00
Total
Forward - 60:00
Defense - 60:00
|
% Time on Ice - Icehogs
Lines # - Real PCT - Wanted PCT - Time Play
Normal Forward
1 - 32% - 40% - 17:20
2 - 32% - 30% - 17:13
3 - 23% - 20% - 12:23
4 - 13% - 10% - 6:48
Normal Defense
1 - 37% - 40% - 19:59
2 - 32% - 30% - 17:24
3 - 20% - 20% - 10:46
4 - 10% - 10% - 5:35
PP Forward
1 - 62% - 60% - 1:24
2 - 38% - 40% - 0:52
PP Defense
1 - 68% - 60% - 1:33
2 - 32% - 40% - 0:43
PK Forward
1 - 97% - 60% - 3:52
2 - 3% - 40% - 0:08
PK Defense
1 - 60% - 60% - 2:25
2 - 40% - 40% - 1:35
PK3 Forward
1 - 0% - 60%
2 - 0% - 40%
PK3 Defense
1 - 0% - 60%
2 - 0% - 40%
44 Forward
1 - 0% - 60%
2 - 0% - 40%
44 Defense
1 - 0% - 60%
2 - 0% - 40%
Last Minute Offensive - 0:00
Last Minute Defensive - 0:00
Total
Forward - 60:00
Defense - 60:00
|
Play-by-Play
1st period
0:01 of 1st period - Dominik Kahun wins face-off versus Andrew Poturalski in neutral zone.
0:34 of 1st period - Slapshot by Mike Reilly.
0:34 of 1st period - Stopped by Brandon Halverson with a rebound.
3:59 of 1st period - Patrick Sieloff is hit by Jared McIsaac.
4:31 of 1st period - Icing by Julius Honka.
4:32 of 1st period - Dominik Kahun wins face-off versus Andrew Poturalski in Icehogs zone.
4:39 of 1st period - Wrist shot by Dominik Kahun.
4:39 of 1st period - Deflect By Drake Batherson.
4:39 of 1st period - Stopped by Mackenzie Blackwood with a rebound.
5:06 of 1st period - Viktor Baldayev is hit by Julius Honka and loses puck.
5:26 of 1st period - Wrist shot by Mikhail Grigorenko.
5:26 of 1st period - Shot Blocked by Anthony Beauvillier.
5:28 of 1st period - Slapshot by Duncan Siemens.
5:28 of 1st period - Deflect By Andrew Poturalski.
5:28 of 1st period - Stopped by Brandon Halverson with a rebound.
5:30 of 1st period - Wrist shot by Nikita Scherbak.
5:30 of 1st period - Shot Misses the Net.
5:32 of 1st period - Slapshot by Julius Honka.
5:32 of 1st period - Deflect By Patrick Brown.
5:32 of 1st period - Stopped by Brandon Halverson with a rebound.
5:34 of 1st period - Snap shot by Andrew Poturalski.
5:34 of 1st period - Shot Misses the Net.
5:36 of 1st period - Snap shot by Julius Honka.
5:36 of 1st period - Deflect By Mikhail Grigorenko.
5:36 of 1st period - Shot Misses the Net.
5:36 of 1st period - Puck is out of play.
5:37 of 1st period - Dominik Kahun wins face-off versus Michael Rasmussen in Thunderbirds zone.
6:09 of 1st period - Wrist shot by Tanner Laczynski.
6:09 of 1st period - Shot Misses the Net.
6:11 of 1st period - Snap shot by Kale Clague.
6:11 of 1st period - Stopped by Mackenzie Blackwood with a rebound.
6:27 of 1st period - Slapshot by Nicklas Jensen.
6:27 of 1st period - Shot Misses the Net.
7:31 of 1st period - Icing by Hudson Fasching.
7:32 of 1st period - Morgan Frost wins face-off versus Thomas DiPauli in Icehogs zone.
7:55 of 1st period - Slapshot by Dominik Kahun.
7:55 of 1st period - Deflect By Drake Batherson.
7:55 of 1st period - Stopped by Mackenzie Blackwood with a rebound.
7:59 of 1st period - Snap shot by Drake Batherson.
7:59 of 1st period - Goal by Drake Batherson - Thunderbirds : 1 - Icehogs : 0.
8:00 of 1st period - Andrew Poturalski wins face-off versus Dominik Kahun in neutral zone.
8:53 of 1st period - Jacob Larsson is hit by Nick Paul and loses puck.
9:06 of 1st period - Viktor Baldayev is hit by J.T. Brown and loses puck.
9:16 of 1st period - Icing by Anthony Beauvillier.
9:17 of 1st period - Maxim Letunov wins face-off versus Dominik Kahun in Thunderbirds zone.
9:49 of 1st period - Slapshot by Andrei Svechnikov.
9:49 of 1st period - Shot Misses the Net.
9:51 of 1st period - Wrist shot by Dominik Kahun.
9:51 of 1st period - Deflect By Drake Batherson.
9:51 of 1st period - Shot Misses the Net.
9:51 of 1st period - Puck is out of play.
9:52 of 1st period - Andrew Poturalski wins face-off versus Dylan Gambrell in Icehogs zone.
10:07 of 1st period - Snap shot by Patrick Brown.
10:07 of 1st period - Stopped by Mackenzie Blackwood with a rebound.
11:05 of 1st period - Radim Simek is hit by Duncan Siemens and loses puck.
11:24 of 1st period - Snap shot by J.T. Brown.
11:24 of 1st period - Stopped by Brandon Halverson with a rebound.
11:32 of 1st period - J.T. Brown is hit by Viktor Baldayev.
11:56 of 1st period - Maxim Letunov is hit by Tyson Jost and loses puck.
12:01 of 1st period - Snap shot by Matt Puempel.
12:01 of 1st period - Stopped by Mackenzie Blackwood without a rebound.
12:02 of 1st period - Tyson Jost wins face-off versus J.T. Brown in Icehogs zone.
12:07 of 1st period - Wrist shot by Matt Puempel.
12:07 of 1st period - Shot Blocked by Mike Reilly.
12:27 of 1st period - Mike Reilly is hit by Kale Clague.
12:31 of 1st period - Maxim Letunov is hit by Dominik Kahun and loses puck.
12:56 of 1st period - Wrist shot by Mikhail Grigorenko.
12:56 of 1st period - Stopped by Brandon Halverson with a rebound.
12:58 of 1st period - Wrist shot by Andrew Poturalski.
12:58 of 1st period - Shot Blocked by Jake Walman.
13:18 of 1st period - Snap shot by J.T. Brown.
13:18 of 1st period - Stopped by Brandon Halverson with a rebound.
13:20 of 1st period - Wrist shot by Nick Paul.
13:20 of 1st period - Goal by Nick Paul - Thunderbirds : 1 - Icehogs : 1.
13:21 of 1st period - Andrew Poturalski wins face-off versus Dominik Kahun in neutral zone.
13:48 of 1st period - Radim Simek is hit by Michael Rasmussen and loses puck.
13:57 of 1st period - Slapshot by J.T. Brown.
13:57 of 1st period - Shot Misses the Net.
13:59 of 1st period - Slapshot by Julius Honka.
13:59 of 1st period - Stopped by Brandon Halverson with a rebound.
14:33 of 1st period - Icing by Hudson Fasching.
14:34 of 1st period - Thomas DiPauli wins face-off versus Dominik Kahun in Icehogs zone.
14:47 of 1st period - Jake Walman is hit by Hudson Fasching.
15:39 of 1st period - Hudson Fasching is hit by Drake Batherson and loses puck.
16:02 of 1st period - Slapshot by J.T. Brown.
16:02 of 1st period - Goal by J.T. Brown - Thunderbirds : 1 - Icehogs : 2.
16:03 of 1st period - Andrew Poturalski wins face-off versus Dominik Kahun in neutral zone.
16:06 of 1st period - Snap shot by Hudson Fasching.
16:06 of 1st period - Shot Blocked by Kale Clague.
16:17 of 1st period - Slapshot by Drake Batherson.
16:17 of 1st period - Shot Blocked by Mikhail Grigorenko.
16:29 of 1st period - Michael Rasmussen is hit by Patrick Brown and loses puck.
16:38 of 1st period - Snap shot by Anthony Beauvillier.
16:38 of 1st period - Shot Misses the Net.
17:57 of 1st period - Icing by Jeremy Davies.
17:58 of 1st period - Tyson Jost wins face-off versus Maxim Letunov in Icehogs zone.
17:59 of 1st period - Wrist shot by Tanner Laczynski.
17:59 of 1st period - Stopped by Mackenzie Blackwood without a rebound.
18:00 of 1st period - Maxim Letunov wins face-off versus Tyson Jost in Icehogs zone.
18:15 of 1st period - Snap shot by Tanner Laczynski.
18:15 of 1st period - Shot Misses the Net.
18:27 of 1st period - Icing by Radim Simek.
18:28 of 1st period - Dominik Kahun wins face-off versus Andrew Poturalski in Thunderbirds zone.
19:12 of 1st period - Snap shot by Drake Batherson.
19:12 of 1st period - Stopped by Mackenzie Blackwood with a rebound.
19:26 of 1st period - Snap shot by Drake Batherson.
19:26 of 1st period - Deflect By Julius Honka.
19:26 of 1st period - Shot Hit the Post.
19:26 of 1st period - Puck is out of play.
19:27 of 1st period - Dylan Gambrell wins face-off versus Andrew Poturalski in Icehogs zone.
19:34 of 1st period - Snap shot by Dylan Gambrell.
19:34 of 1st period - Shot Blocked by Mike Reilly.
19:59 of 1st period - Snap shot by Tanner Laczynski.
19:59 of 1st period - Deflect By J.T. Brown.
19:59 of 1st period - Stopped by Mackenzie Blackwood with a rebound.
Goals for this period are 1 for Thunderbirds vs 2 for Icehogs.
Shots for this period are 9 for Thunderbirds vs 9 for Icehogs.
2nd period
0:01 of 2nd period - Mikhail Grigorenko wins face-off versus Dominik Kahun in neutral zone.
0:03 of 2nd period - Off-side.
0:04 of 2nd period - Dominik Kahun wins face-off versus Andrew Poturalski in neutral zone.
0:18 of 2nd period - Wrist shot by Mikhail Grigorenko.
0:18 of 2nd period - Stopped by Brandon Halverson without a rebound.
0:19 of 2nd period - Dylan Gambrell wins face-off versus Andrew Poturalski in Thunderbirds zone.
1:35 of 2nd period - Slapshot by Nicklas Jensen.
1:35 of 2nd period - Stopped by Mackenzie Blackwood without a rebound.
1:36 of 2nd period - Andrei Svechnikov wins face-off versus Michael Rasmussen in Icehogs zone.
1:43 of 2nd period - Snap shot by Andrei Svechnikov.
1:43 of 2nd period - Stopped by Mackenzie Blackwood with a rebound.
1:48 of 2nd period - Minor Penalty to Patrick Sieloff for Interference.
1:49 of 2nd period - Hudson Fasching wins face-off versus Dominik Kahun in Icehogs zone.
3:08 of 2nd period - Radim Simek is hit by Mike Reilly and loses puck.
3:48 of 2nd period - Penalty to Patrick Sieloff is over, Patrick Sieloff is back on ice.
4:30 of 2nd period - Jared McIsaac is hit by Julius Honka.
4:59 of 2nd period - Icing by Matt Puempel.
5:00 of 2nd period - Maxim Letunov wins face-off versus Dominik Kahun in Thunderbirds zone.
5:01 of 2nd period - Snap shot by Kurtis Gabriel.
5:01 of 2nd period - Shot Blocked by Radim Simek.
5:03 of 2nd period - Snap shot by Ross Johnston.
5:03 of 2nd period - Stopped by Brandon Halverson with a rebound.
5:05 of 2nd period - Snap shot by Ross Johnston.
5:05 of 2nd period - Shot Blocked by Jared McIsaac.
5:07 of 2nd period - Slapshot by Patrick Sieloff.
5:07 of 2nd period - Shot Misses the Net.
5:09 of 2nd period - Snap shot by Ross Johnston.
5:09 of 2nd period - Deflect By Kurtis Gabriel.
5:09 of 2nd period - Stopped by Brandon Halverson with a rebound.
5:11 of 2nd period - Slapshot by Patrick Sieloff.
5:11 of 2nd period - Shot Misses the Net.
5:23 of 2nd period - Snap shot by Morgan Frost.
5:23 of 2nd period - Shot Misses the Net.
5:25 of 2nd period - Snap shot by Nicklas Jensen.
5:25 of 2nd period - Stopped by Mackenzie Blackwood with a rebound.
5:31 of 2nd period - Wrist shot by Nicklas Jensen.
5:31 of 2nd period - Shot Misses the Net.
5:41 of 2nd period - Snap shot by Matt Puempel.
5:41 of 2nd period - Deflect By Tanner Laczynski.
5:41 of 2nd period - Stopped by Mackenzie Blackwood with a rebound.
5:49 of 2nd period - Snap shot by J.T. Brown.
5:49 of 2nd period - Stopped by Brandon Halverson with a rebound.
5:51 of 2nd period - Slapshot by Patrick Sieloff.
5:51 of 2nd period - Shot Blocked by Tanner Laczynski.
7:32 of 2nd period - Ross Johnston is hit by Matt Puempel and loses puck.
8:48 of 2nd period - Anthony Beauvillier is hit by Hudson Fasching and loses puck.
9:00 of 2nd period - Off-side.
9:01 of 2nd period - Kurtis Gabriel wins face-off versus Tyson Jost in neutral zone.
9:25 of 2nd period - Patrick Sieloff is hit by Dominik Kahun and loses puck.
9:50 of 2nd period - Dylan Gambrell is hit by Hudson Fasching and loses puck.
11:46 of 2nd period - Slapshot by Tyson Jost.
11:46 of 2nd period - Stopped by Mackenzie Blackwood without a rebound.
11:47 of 2nd period - Drake Batherson wins face-off versus Michael Rasmussen in Icehogs zone.
11:48 of 2nd period - Snap shot by Andrei Svechnikov.
11:48 of 2nd period - Shot Misses the Net.
11:50 of 2nd period - Slapshot by Jake Walman.
11:50 of 2nd period - Stopped by Mackenzie Blackwood with a rebound.
11:52 of 2nd period - Slapshot by Jared McIsaac.
11:52 of 2nd period - Stopped by Mackenzie Blackwood with a rebound.
11:54 of 2nd period - Wrist shot by Drake Batherson.
11:54 of 2nd period - Shot Misses the Net.
11:58 of 2nd period - Snap shot by Drake Batherson.
11:58 of 2nd period - Shot Misses the Net.
12:02 of 2nd period - Backhand shot by Andrei Svechnikov.
12:02 of 2nd period - Stopped by Mackenzie Blackwood with a rebound.
12:08 of 2nd period - Minor Penalty to Patrick Sieloff for Hooking.
12:09 of 2nd period - Dominik Kahun wins face-off versus Hudson Fasching in Icehogs zone.
12:10 of 2nd period - Snap shot by Drake Batherson.
12:10 of 2nd period - Goal by Drake Batherson - Thunderbirds : 2 - Icehogs : 2.
12:11 of 2nd period - Dominik Kahun wins face-off versus Andrew Poturalski in neutral zone.
12:49 of 2nd period - Icing by Duncan Siemens.
12:50 of 2nd period - Dominik Kahun wins face-off versus Michael Rasmussen in Icehogs zone.
12:51 of 2nd period - Snap shot by Andrei Svechnikov.
12:51 of 2nd period - Shot Misses the Net.
12:53 of 2nd period - Snap shot by Drake Batherson.
12:53 of 2nd period - Shot Blocked by Duncan Siemens.
12:55 of 2nd period - Slapshot by Jake Walman.
12:55 of 2nd period - Stopped by Mackenzie Blackwood with a rebound.
13:25 of 2nd period - Wrist shot by J.T. Brown.
13:25 of 2nd period - Shot Misses the Net.
13:56 of 2nd period - Snap shot by J.T. Brown.
13:56 of 2nd period - Shot Misses the Net.
13:58 of 2nd period - Slapshot by Nick Paul.
13:58 of 2nd period - Stopped by Brandon Halverson with a rebound.
14:00 of 2nd period - Backhand shot by Michael Rasmussen.
14:00 of 2nd period - Stopped by Brandon Halverson without a rebound.
14:01 of 2nd period - Andrew Poturalski wins face-off versus Dylan Gambrell in Thunderbirds zone.
14:13 of 2nd period - Off-side.
14:14 of 2nd period - Dominik Kahun wins face-off versus Andrew Poturalski in neutral zone.
14:19 of 2nd period - Snap shot by Drake Batherson.
14:19 of 2nd period - Stopped by Mackenzie Blackwood with a rebound.
14:21 of 2nd period - Snap shot by Kale Clague.
14:21 of 2nd period - Stopped by Mackenzie Blackwood with a rebound.
14:32 of 2nd period - Minor Penalty to Hudson Fasching for Unsportsmanlike conduct.
14:33 of 2nd period - Dominik Kahun wins face-off versus Ross Johnston in Icehogs zone.
16:32 of 2nd period - Penalty to Hudson Fasching is over, Hudson Fasching is back on ice.
16:52 of 2nd period - Icing by Hudson Fasching.
16:53 of 2nd period - Morgan Frost wins face-off versus Thomas DiPauli in Icehogs zone.
16:54 of 2nd period - Slapshot by Roberts Lipsbergs.
16:54 of 2nd period - Shot Misses the Net.
16:56 of 2nd period - Wrist shot by Nicklas Jensen.
16:56 of 2nd period - Deflect By Morgan Frost.
16:56 of 2nd period - Stopped by Mackenzie Blackwood with a rebound.
16:58 of 2nd period - Slapshot by Jared McIsaac.
16:58 of 2nd period - Stopped by Mackenzie Blackwood with a rebound.
17:00 of 2nd period - Snap shot by Jake Walman.
17:00 of 2nd period - Shot Blocked by Jeremy Davies.
17:02 of 2nd period - Slapshot by Nicklas Jensen.
17:02 of 2nd period - Stopped by Mackenzie Blackwood without a rebound.
17:03 of 2nd period - Andrew Poturalski wins face-off versus Morgan Frost in Icehogs zone.
17:03 of 2nd period - Andrew Poturalski is hit by Roberts Lipsbergs.
17:15 of 2nd period - Hudson Fasching is hit by Nicklas Jensen and loses puck.
17:32 of 2nd period - Slapshot by Hudson Fasching.
17:32 of 2nd period - Stopped by Brandon Halverson with a rebound.
17:54 of 2nd period - Wrist shot by Andrew Poturalski.
17:54 of 2nd period - Shot Misses the Net.
18:02 of 2nd period - Slapshot by Morgan Frost.
18:02 of 2nd period - Shot Blocked by Hudson Fasching.
18:04 of 2nd period - Wrist shot by Roberts Lipsbergs.
18:04 of 2nd period - Stopped by Mackenzie Blackwood without a rebound.
18:05 of 2nd period - Michael Rasmussen wins face-off versus Drake Batherson in Icehogs zone.
18:10 of 2nd period - Slapshot by J.T. Brown.
18:10 of 2nd period - Goal by J.T. Brown - Thunderbirds : 2 - Icehogs : 3.
18:11 of 2nd period - Drake Batherson wins face-off versus Michael Rasmussen in neutral zone.
18:36 of 2nd period - Radim Simek is hit by Patrick Sieloff and loses puck.
19:00 of 2nd period - Snap shot by Kale Clague.
19:00 of 2nd period - Stopped by Mackenzie Blackwood without a rebound.
19:01 of 2nd period - Dominik Kahun wins face-off versus Andrew Poturalski in Icehogs zone.
19:02 of 2nd period - Snap shot by Drake Batherson.
19:02 of 2nd period - Stopped by Mackenzie Blackwood with a rebound.
19:04 of 2nd period - Snap shot by Andrei Svechnikov.
19:04 of 2nd period - Shot Misses the Net.
19:06 of 2nd period - Snap shot by Viktor Baldayev.
19:06 of 2nd period - Stopped by Mackenzie Blackwood without a rebound.
19:07 of 2nd period - Andrew Poturalski wins face-off versus Dominik Kahun in Icehogs zone.
19:55 of 2nd period - Minor Penalty to Matt Puempel for Hooking.
19:56 of 2nd period - Tyson Jost wins face-off versus Andrew Poturalski in Thunderbirds zone.
Goals for this period are 1 for Thunderbirds vs 1 for Icehogs.
Shots for this period are 19 for Thunderbirds vs 8 for Icehogs.
3rd period
0:01 of 3rd period - Tyson Jost wins face-off versus Andrew Poturalski in neutral zone.
0:40 of 3rd period - Wrist shot by Nick Paul.
0:40 of 3rd period - Shot Misses the Net.
1:55 of 3rd period - Penalty to Matt Puempel is over, Matt Puempel is back on ice.
2:19 of 3rd period - Off-side.
2:20 of 3rd period - Thomas DiPauli wins face-off versus Morgan Frost in neutral zone.
2:25 of 3rd period - Roberts Lipsbergs is hit by Mikhail Grigorenko and loses puck.
3:03 of 3rd period - Wrist shot by Drake Batherson.
3:03 of 3rd period - Stopped by Mackenzie Blackwood with a rebound.
3:05 of 3rd period - Snap shot by Drake Batherson.
3:05 of 3rd period - Stopped by Mackenzie Blackwood with a rebound.
3:27 of 3rd period - Julius Honka is hit by Tanner Laczynski and loses puck.
3:37 of 3rd period - Minor Penalty to Tanner Laczynski for Hooking.
3:38 of 3rd period - Tyson Jost wins face-off versus Andrew Poturalski in Thunderbirds zone.
3:52 of 3rd period - Wrist shot by Hudson Fasching.
3:52 of 3rd period - Shot Misses the Net.
3:54 of 3rd period - Slapshot by Patrick Sieloff.
3:54 of 3rd period - Goal by Patrick Sieloff - Thunderbirds : 2 - Icehogs : 4.
3:55 of 3rd period - Mikhail Grigorenko wins face-off versus Andrei Svechnikov in neutral zone.
4:00 of 3rd period - Snap shot by Mikhail Grigorenko.
4:00 of 3rd period - Stopped by Brandon Halverson with a rebound.
4:02 of 3rd period - Wrist shot by Andrew Poturalski.
4:02 of 3rd period - Shot Blocked by Kale Clague.
4:04 of 3rd period - Slapshot by Mike Reilly.
4:04 of 3rd period - Stopped by Brandon Halverson with a rebound.
4:06 of 3rd period - Snap shot by Mike Reilly.
4:06 of 3rd period - Deflect By Mikhail Grigorenko.
4:06 of 3rd period - Stopped by Brandon Halverson with a rebound.
4:08 of 3rd period - Snap shot by Andrew Poturalski.
4:08 of 3rd period - Stopped by Brandon Halverson without a rebound.
4:09 of 3rd period - Dominik Kahun wins face-off versus Hudson Fasching in Thunderbirds zone.
4:36 of 3rd period - Patrick Sieloff is hit by Radim Simek and loses puck.
4:53 of 3rd period - Snap shot by Kurtis Gabriel.
4:53 of 3rd period - Stopped by Brandon Halverson with a rebound.
4:57 of 3rd period - Snap shot by Kurtis Gabriel.
4:57 of 3rd period - Shot Misses the Net.
5:31 of 3rd period - Andrei Svechnikov is hit by Calle Andersson and loses puck.
5:47 of 3rd period - Off-side.
5:48 of 3rd period - Morgan Frost wins face-off versus Thomas DiPauli in neutral zone.
6:22 of 3rd period - Wrist shot by Andrei Svechnikov.
6:22 of 3rd period - Shot Misses the Net.
6:54 of 3rd period - Jake Walman is hit by Duncan Siemens and loses puck.
6:59 of 3rd period - Snap shot by Hudson Fasching.
6:59 of 3rd period - Deflect By Mikhail Grigorenko.
6:59 of 3rd period - Stopped by Brandon Halverson without a rebound.
7:00 of 3rd period - Michael Rasmussen wins face-off versus Dominik Kahun in Thunderbirds zone.
7:01 of 3rd period - Snap shot by Nick Paul.
7:01 of 3rd period - Shot Misses the Net.
7:13 of 3rd period - Snap shot by Dominik Kahun.
7:13 of 3rd period - Deflect By Drake Batherson.
7:13 of 3rd period - Goal by Drake Batherson - Thunderbirds : 3 - Icehogs : 4.
7:14 of 3rd period - Dominik Kahun wins face-off versus Andrew Poturalski in neutral zone.
7:23 of 3rd period - Snap shot by Mikhail Grigorenko.
7:23 of 3rd period - Stopped by Brandon Halverson with a rebound.
7:39 of 3rd period - Radim Simek is hit by Nick Paul and loses puck.
8:19 of 3rd period - Wrist shot by J.T. Brown.
8:19 of 3rd period - Shot Misses the Net.
9:01 of 3rd period - Wrist shot by J.T. Brown.
9:01 of 3rd period - Shot Misses the Net.
9:03 of 3rd period - Wrist shot by Michael Rasmussen.
9:03 of 3rd period - Shot Misses the Net.
9:05 of 3rd period - Slapshot by Julius Honka.
9:05 of 3rd period - Deflect By J.T. Brown.
9:05 of 3rd period - Stopped by Brandon Halverson without a rebound.
9:06 of 3rd period - Dominik Kahun wins face-off versus Andrew Poturalski in Thunderbirds zone.
9:33 of 3rd period - Patrick Sieloff is hit by Tyson Jost and loses puck.
10:48 of 3rd period - Wrist shot by Nicklas Jensen.
10:48 of 3rd period - Stopped by Mackenzie Blackwood with a rebound.
11:58 of 3rd period - Patrick Sieloff is hit by Jared McIsaac and loses puck.
13:09 of 3rd period - Icing by Hudson Fasching.
13:10 of 3rd period - Maxim Letunov wins face-off versus Tyson Jost in Icehogs zone.
13:15 of 3rd period - Wrist shot by Tanner Laczynski.
13:15 of 3rd period - Stopped by Mackenzie Blackwood with a rebound.
13:31 of 3rd period - Dominik Kahun is hit by Hudson Fasching and loses puck.
14:22 of 3rd period - Wrist shot by Patrick Brown.
14:22 of 3rd period - Shot Blocked by Julius Honka.
14:34 of 3rd period - Wrist shot by Hudson Fasching.
14:34 of 3rd period - Shot Blocked by Radim Simek.
14:36 of 3rd period - Slapshot by Julius Honka.
14:36 of 3rd period - Shot Blocked by Radim Simek.
14:52 of 3rd period - Wrist shot by J.T. Brown.
14:52 of 3rd period - Stopped by Brandon Halverson without a rebound.
14:53 of 3rd period - Michael Rasmussen wins face-off versus Dominik Kahun in Thunderbirds zone.
14:56 of 3rd period - Wrist shot by Nick Paul.
14:56 of 3rd period - Stopped by Brandon Halverson with a rebound.
14:58 of 3rd period - Slapshot by Patrick Sieloff.
14:58 of 3rd period - Stopped by Brandon Halverson with a rebound.
15:00 of 3rd period - Wrist shot by Michael Rasmussen.
15:00 of 3rd period - Goal by Michael Rasmussen - Thunderbirds : 3 - Icehogs : 5.
15:01 of 3rd period - Andrei Svechnikov wins face-off versus Andrew Poturalski in neutral zone.
15:41 of 3rd period - Wrist shot by Tanner Laczynski.
15:41 of 3rd period - Shot Misses the Net.
15:51 of 3rd period - Jacob Larsson is hit by Calle Andersson and loses puck.
15:56 of 3rd period - Slapshot by Kurtis Gabriel.
15:56 of 3rd period - Shot Blocked by Viktor Baldayev.
16:20 of 3rd period - Wrist shot by Hudson Fasching.
16:20 of 3rd period - Deflect By Nicklas Jensen.
16:20 of 3rd period - Shot Misses the Net.
16:20 of 3rd period - Puck is out of play.
16:21 of 3rd period - Dominik Kahun wins face-off versus Michael Rasmussen in Thunderbirds zone.
16:46 of 3rd period - Jake Walman is hit by Mikhail Grigorenko and loses puck.
17:15 of 3rd period - Snap shot by Kurtis Gabriel.
17:15 of 3rd period - Stopped by Brandon Halverson with a rebound.
18:03 of 3rd period - Snap shot by Morgan Frost.
18:03 of 3rd period - Stopped by Mackenzie Blackwood with a rebound.
18:13 of 3rd period - Mike Reilly is hit by Andrei Svechnikov.
18:24 of 3rd period - Off-side.
18:25 of 3rd period - Tyson Jost wins face-off versus Andrew Poturalski in neutral zone.
18:30 of 3rd period - Wrist shot by Jake Walman.
18:30 of 3rd period - Shot Misses the Net.
18:41 of 3rd period - Icing by Andrew Poturalski.
18:42 of 3rd period - Andrew Poturalski wins face-off versus Dominik Kahun in Icehogs zone.
18:42 of 3rd period - Andrew Poturalski is hit by Dominik Kahun.
18:52 of 3rd period - Slapshot by Jeremy Davies.
18:52 of 3rd period - Shot Misses the Net.
19:32 of 3rd period - Slapshot by Jacob Larsson.
19:32 of 3rd period - Shot Blocked by Patrick Sieloff.
19:38 of 3rd period - Nicklas Jensen is hit by Maxim Letunov and loses puck.
Goals for this period are 1 for Thunderbirds vs 2 for Icehogs.
Shots for this period are 6 for Thunderbirds vs 14 for Icehogs.